 Dungeon Crawl Stone Soup version 0.31-a0-875-g02e7d12df6 (webtiles) character file.

Game seed: 3879749994221557252

6 wingedge the Magician (level 1, 0/13 HPs)
             Began as a Mummy Earth Elementalist on Oct 12, 2023.
             Slain by a gnoll
             ... wielding a +0 flail
              (5 damage)
             ... on level 1 of the Dungeon.
             The game lasted 00:00:40 (178 turns).

wingedge the Magician (Mummy Earth Elementalist)     Turns: 178, Time: 00:00:40

Health: 0/13       AC:  2    Str: 11    XL:     1   Next: 75%
Magic:  0/4        EV: 12    Int: 14    God:
Gold:   11         SH:  0    Dex: 12    Spells: 4/5 levels left

rFire   x . .        c - +2 dagger (venom)
rCold   + . .        (no shield)
rNeg    + + +        a - +0 robe
rPois   ∞            (no helmet)
rElec   .            (no cloak)
rCorr   .            (no gloves)
SInv    .            (no boots)
Will    .....        (no amulet)
Stlth   ++           (no ring)
HPRegen 0.22/turn    (no ring)
MPRegen 0.09/turn

%: faith
@: no status effects
A: cold resistance 1, negative energy resistance 3, torment resistance 2, heat
vulnerability 1, in touch with death 1, no potions, faith
a: no special abilities


You were on level 1 of the Dungeon.
You visited 1 branch of the dungeon, and saw 1 of its levels.

You collected 11 gold pieces.

Inventory:

Hand Weapons
 c - a +2 dagger of venom (weapon)
Armour
 a - a +0 robe (worn)
Scrolls
 b - a scroll of teleportation {unknown}


   Skills:
 - Level 1.5 Dodging
 - Level 1.5 Stealth
 + Level 2.9 Spellcasting
 * Level 0.6 Conjurations
 - Level 0.7 Transmutations
 + Level 2.5 Earth Magic


You had 4 spell levels left.
You knew the following spells:

 Your Spells              Type           Power      Damage    Failure   Level
a - Sandblast             Erth           18%        2d7       8%          1

Your spell library contained the following spells:

 Spells                   Type           Power      Damage    Failure   Level
 Passwall                 Tmut/Erth      5%         N/A       17%         2
 Stone Arrow              Conj/Erth      12%        3d7       34%         3
 Petrify                  Tmut/Erth      6%         N/A       73%         4
 Brom's Barrelling Bould  Conj/Erth      6%         2d3       75%         4


Dungeon Overview and Level Annotations

Branches:
Dungeon (1/15)

Altars:


Innate Abilities, Weirdness & Mutations

You are immune to poison.
Your flesh is cold resistant. (rC+)
You are immune to negative energy. (rN+++)
You are immune to unholy pain and torment.
You are vulnerable to heat. (rF-)
You are in touch with the powers of death.
You do not drink.
You have a special connection with the divine. (Faith)


Message History

A bat comes into view.
Found a stone staircase leading down.
The endoplasm quivers.
The bat moves out of view.
A jackal, a gnoll and a bat come into view.
The jackal barks!
The gnoll shouts!
The bat closely misses you.
The bat moves out of view.
The blast of sand hits the bat.
You kill the bat!
The blast of sand hits the endoplasm!
You kill the endoplasm!
The bat closely misses you. The jackal bites you. The bat barely misses you.
The blast of sand hits the bat.
The bat is severely wounded.
The bat hits you.
The jackal bites you. x2; The bat barely misses you.
The jackal misses you. The bat barely misses you.
The jackal attacks as it pursues you! The jackal closely misses you.
The jackal attacks as it pursues you! The jackal misses you.
The jackal bites you but does no damage.
The bat closely misses you. The bat hits you. The bat barely misses you.
The jackal barely misses you. The bat barely misses you.
The jackal attacks as it pursues you! The jackal bites you.
You are too injured to fight recklessly!
Aiming: Sandblast (safe; 8% risk of failure)
Press: ? - help, Q - select action Shift-Dir - straight line, f - jackal
Aim: a jackal (76% to hit)
The blast of sand hits the jackal.
The jackal is heavily wounded.
The jackal bites you. x2
Aiming: Sandblast (safe; 8% risk of failure)
Press: ? - help, Q - select action Shift-Dir - straight line, f/p - jackal
Aim: a jackal (heavily wounded, 76% to hit)
The blast of sand hits the jackal.
You kill the jackal!
The gnoll hits you with a +0 flail.
You die...

## .. . ###### #. .....#
#.### #....# #...### #....#
########...# #....#
#....@gb.#.## +....#
#.######.#..####
#....#####.#.#............#
#..........#.#.....g......##
#.....######.#.............#
+.###.# #.#.............##.#
##.#
#.######.######+#.........#
.#.# #......#.#####
#.....##..# .#.#
#####.†......# #.....# >.#


You could see a gnoll and a bat.

Vanquished Creatures
  2 endoplasms (D:1)
  A goblin (D:1)
  A jackal (D:1)
  A quokka (D:1)
  A bat (D:1)
6 creatures vanquished.

Notes
Turn   | Place    | Note
-------+----------+-------------------------------------------
     0 | D:1      | wingedge the Mummy Earth Elementalist began the quest for
                  | the Orb.
     0 | D:1      | Reached XP level 1. HP: 13/13 MP: 4/4
   178 | D:1      | Slain by a gnoll

Illustrated notes

Levels and vault maps discovered:
D:1:      shiori_arrival_maze, layout_basic, st_stairs_4

Action                     || total
---------------------------++-------
   Cast: Sandblast         ||     9
 Armour: Robe              ||    10
  Dodge: Dodged            ||    12

Table legend: (Time is in decaauts)
 A = Elapsed time spent in this place.
 B = Non-inter-level travel time spent in this place.
 C = Inter-level travel time spent in this place.
 D = Time resting spent in this place.
 E = Time spent auto-exploring this place.
 F = Levels seen in this place.
 G = Mean time per level.
                   A        B        C        D        E       F      G
               +--------+--------+--------+--------+--------+-----+--------+
         Total |    181 |    181 |      0 |     30 |    113 |   1 |  181.0 |
       Dungeon |    181 |    181 |      0 |     30 |    113 |   1 |  181.0 |
               +--------+--------+--------+--------+--------+-----+--------+

Top non-repeatable levels by time:
     D:1: 181 daAuts
